Map: Tours du crépuscule

Players

satanja - Winner!

  • Race: Protoss Protoss
  • League: Gold
  • Spawn Location: 1:00

zidar

  • Race: Zerg Zerg
  • League: Gold
  • Spawn Location: 7:00

VOD

Have the link to the VOD?

Description

Time

  • Played on: June 7, 2016, 2:33 p.m.
  • Length: 9:36
Show
View Real Time Build Order
Export as new Build Order

satanja Protoss - Winner!

Build Orders: Nexus First 

Get SALT Encoding   

  12  0:01  Probe (Chrono Boost)  
  13  0:12  Probe (Chrono Boost)  
  14  0:19  Pylon  
  14  0:22  Probe (Chrono Boost)  
  15  0:37  Probe (Chrono Boost)  
  16  0:48  Probe (Chrono Boost)  
  17  0:58  Probe (Chrono Boost)  
  17  1:02  Nexus  
  18  1:09  Probe (Chrono Boost)  
  19  1:16  Gateway  
  19  1:19  Probe (Chrono Boost)  
  19  1:24  Assimilator  
  20  1:30  Probe (Chrono Boost)  
  21  1:34  Assimilator  
  21  1:43  Forge  
  21  1:47  Probe (Chrono Boost)  
  22  2:00  Probe (Chrono Boost)  
  23  2:07  Cybernetics Core  
  23  2:13  Probe (Chrono Boost)  
  23  2:14  Pylon  
  24  2:17  Probe (Chrono Boost)  
  25  2:24  Probe (Chrono Boost)  
  25  2:28  Probe (Chrono Boost)  
  27  2:30  Photon Cannon  
  27  2:34  Probe (Chrono Boost)  
  28  2:38  Probe (Chrono Boost)  
  28  2:44  Warp Gate (Chrono Boost)  
  29  2:45  Probe (Chrono Boost)  
  29  2:47  Probe  
  29  2:48  Protoss Ground Weapons Level 1  
  31  2:57  Probe  
  31  2:58  Probe, Assimilator  
  32  3:02  Assimilator  
  33  3:07  Mothership Core  
  33  3:09  Probe  
  36  3:18  Robotics Facility  
  36  3:21  Probe  
  37  3:27  Probe  
  37  3:32  Pylon  
  37  3:33  Probe  
  39  3:37  Probe  
  40  3:45  Probe  
  40  3:48  Probe  
  41  3:52  Gateway x2  
  42  3:57  Probe  
  42  4:00  Gateway  
  42  4:02  Pylon  
  43  4:03  Probe  
  43  4:09  Probe  
  45  4:13  Probe  
  46  4:18  Immortal (Chrono Boost)  
  46  4:22  Probe  
  51  4:24  Probe  
  52  4:34  Probe  
  52  4:36  Gateway  
  52  4:37  Gateway  
  53  4:42  Probe  
  53  4:44  Gateway  
  54  4:46  Probe  
  54  4:52  Probe, Pylon  
  55  4:55  Pylon  
  55  4:59  Pylon  
  56  5:03  Immortal (Chrono Boost)  
  60  5:07  Probe  
  60  5:09  Probe  
  60  5:13  Protoss Ground Armor Level 1 (Chrono Boost)  
  62  5:18  Probe  
  62  5:21  Probe  
  64  5:34  Sentry x6  
  76  5:40  Warp Prism  
  78  5:57  Pylon  
  78  6:03  Pylon  
  78  6:07  Pylon  
  78  6:13  Pylon  
  78  6:16  Immortal  
  82  6:22  Pylon  
  82  6:24  Sentry  
  82  6:25  Sentry x6  
  96  6:45  Pylon  
  96  6:52  Zealot x5, Pylon  
  96  6:53  Zealot x2  
  110  6:55  Immortal  
  114  7:09  Pylon  
  114  7:11  Pylon  
  101  7:35  Observer  
  100  7:39  Zealot x4  
  100  7:40  Zealot x3  
  104  8:23  Stalker  
  104  8:24  Stalker x4  
  104  8:25  Stalker x2  
  118  8:34  Forge  
  118  8:36  Twilight Council  
  118  8:40  Robotics Facility  
  118  8:43  Robotics Bay  
  118  8:51  Nexus  
  118  8:55  Assimilator  
  118  9:01  Assimilator  
  118  9:05  Probe  
  118  9:06  Probe  
  120  9:10  Nexus  
  120  9:12  Pylon  
  120  9:15  Pylon  
  120  9:16  Probe  
  121  9:18  Probe  
  121  9:20  Pylon  
  113  9:33  Nexus  
Show
View Real Time Build Order
Export as new Build Order

zidar Zerg 

Build Orders: Pool First 

Get SALT Encoding   

  12  0:01  Drone  
  13  0:12  Overlord  
  13  0:17  Drone  
  14  0:30  Drone x2  
  14  0:34  Drone  
  17  0:47  Spawning Pool  
  16  0:50  Drone  
  17  1:15  Hatchery  
  17  1:16  Drone  
  17  1:21  Extractor  
  16  1:35  Drone x3  
  19  1:43  Queen  
  21  1:50  Overlord  
  20  2:18  Hatchery  
  19  2:26  Queen  
  21  2:34  Drone  
  22  2:41  Drone x2  
  24  3:02  Drone x6  
  30  3:19  Drone x3  
  33  3:24  Lair  
  33  3:28  Extractor  
  33  3:31  Extractor  
  33  3:34  Queen, Extractor  
  31  3:39  Drone x3  
  35  4:03  Drone x3  
  35  4:07  Metabolic Boost  
  38  4:11  Pneumatized Carapace  
  38  4:17  Drone x4  
  38  4:19  Overlord  
  38  4:20  Overlord x2  
  42  4:38  Roach Warren, Drone x4  
  43  4:41  Drone x3  
  48  4:56  Drone x3  
  48  4:57  Drone x3  
  48  4:58  Extractor  
  53  5:00  Extractor  
  53  5:05  Hydralisk Den  
  51  5:10  Drone  
  52  5:22  Drone  
  52  5:23  Drone x8  
  61  5:47  Muscular Augments  
  61  5:49  Overlord x2  
  61  5:50  Overlord x3  
  61  5:54  Overseer  
  61  5:59  Drone x2  
  63  6:08  Glial Reconstitution  
  63  6:11  Hydralisk x4  
  63  6:12  Hydralisk x4  
  79  6:21  Drone  
  80  6:26  Drone x2  
  82  6:32  Hydralisk  
  82  6:33  Hydralisk x6  
  96  7:04  Roach  
  96  7:05  Roach x4  
  94  7:29  Roach x8  
  106  7:30  Roach  
  96  7:41  Ravager x3  
  96  7:42  Ravager  
  90  7:44  Hydralisk x2  
  90  7:45  Hydralisk x3  
  65  8:22  Hydralisk  
  65  8:23  Hydralisk x5  
  77  8:43  Roach x2  
  81  8:50  Roach x2  
  85  9:11  Roach x3  
  85  9:17  Overlord x3  
Tags
 
Add a new tag
Caveats
  • Supply blocks, unpowered buildings, or Contaminate may cause inaccurate times.
  • Supply counts are checked every 10 seconds.